 Dungeon Crawl Stone Soup version 0.17-a0-1056-g838d5c0 (webtiles) character file.

13 Hanyuu the Insei (level 2, -5/18 HPs)
             Began as an Octopode Transmuter on May 16, 2015.
             Slain by a kobold
             ... wielding a +0 short sword
              (6 damage)
             ... on level 1 of the Dungeon.
             The game lasted 00:01:23 (309 turns).

Hanyuu the Insei (Octopode Transmuter)               Turns: 309, Time: 00:01:24

Health: -5/18      AC:  1    Str:  9    XL:     2   Next: 37%
Magic:  4/5        EV: 12    Int: 15    God:
Gold:   18         SH:  0    Dex: 12    Spells: 1 memorised, 4 levels left

rFire  . . .     SeeInvis .       - Unarmed
rCold  . . .     Clarity  .     (no shield)
rNeg   . . .     SustAb   .     (helmet restricted)
rPois  .         Gourm    .     (no amulet)
rElec  .         Spirit   .     (no ring)
rCorr  .         Warding  .     (no ring)
rMut   .         Stasis   .     (no ring)
MR     .....                    (no ring)
Stlth  ++........               (no ring)
                                (no ring)
                                (no ring)
                                (no ring)

@: appendage (expiring), not resistant to hostile enchantments, unstealthy
A: almost no armour, amphibious, 8 rings, constrict 8, tentacle spike 3,
camouflage 1, gelatinous body 1
a: End Transformation


You were on level 1 of the Dungeon.
You were not hungry.
One of your tentacles had a temporary spike.
You visited 1 branch of the dungeon, and saw 1 of its levels.

You collected 18 gold pieces.

Inventory:

Missiles
 a - 12 arrows
Scrolls
 d - a scroll of remove curse {unknown}
 e - a scroll of recharging {unknown}
 g - a scroll of amnesia {unknown}
Books
 b - a book of Changes

   Spells                             Type                      Level
   a - Beastly Appendage              Transmutation                1
   b - Sticks to Snakes               Transmutation                2
   c - Spider Form                    Transmutation/Poison         3
   d - Ice Form                       Ice/Transmutation            4
   e - Blade Hands                    Transmutation                5
Comestibles
 c - a bread ration
 f - 2 chunks of flesh


   Skills:
 - Level 1.0 Fighting
 - Level 2.0 Dodging
 + Level 3.7 Unarmed Combat
 - Level 2.0 Spellcasting
 - Level 2.0 Transmutations


You had 4 spell levels left.
You knew the following spells:

 Your Spells              Type           Power        Failure   Level  Hunger
a - Beastly Appendage     Trmt           #.....       12%         1    #......


Dungeon Overview and Level Annotations

Branches:
Dungeon (1/15)

Altars:


Innate Abilities, Weirdness & Mutations

You cannot wear most types of armour.
You are amphibious.
You can wear up to eight rings at the same time.
You can use your tentacles to constrict eight enemies at once.
Your skin changes colour to match your surroundings (Stealth).
Your rubbery body absorbs attacks (AC +1).
One of your tentacles bears a large vicious spike.


Message History

You barely miss the kobold. Your grab misses the kobold.
The kobold hits you with a short sword.
You miss the jackal. Your grab misses the jackal.
Your tentacle spike misses the jackal.
The jackal bites you. The jackal closely misses you.
You tentacle-slap the jackal.
You kill the jackal!
Your transformation is almost over.
The kobold barely misses you.
You open the door. The jackal bites you.
The kobold hits you with a short sword.
* * * LOW HITPOINT WARNING * * *
The jackal closely misses you.
There is an open door here.
You barely miss the kobold.
The jackal barks!
Your grab misses the kobold.
You hear a bark!
The kobold hits you with a short sword.
You die...

#............#............#
.............#.............
.......).†..#....##'#..#.#
#.........#....##.#....#
#.........#....##.#..#.#
#...............#.#..#.#
#..####.........#.#..#.#
#+##...####..........#..#+#
.......(.hK@................
....#....h##..........#.....
.....#.....##........#.##....
.... #...............#.......
... ###.............####.##.
... #.....................
#.................##.#.
#............#.......#.
#.............#.....###.


You could see 2 jackals and a kobold.

Vanquished Creatures
  A giant gecko (D:1)
  A giant cockroach (D:1)
  3 hobgoblins (D:1)
  A jackal (D:1)
  2 kobolds (D:1)
  2 bats (D:1)
10 creatures vanquished.

Notes
Turn   | Place    | Note
--------------------------------------------------------------
     0 | D:1      | Hanyuu the Octopode Transmuter began the quest for the Orb.
     0 | D:1      | Reached XP level 1. HP: 13/13 MP: 3/3
   185 | D:1      | Reached XP level 2. HP: 12/18 MP: 5/5
   309 | D:1      | Slain by a kobold

Vault maps used:
D:1:      eino_arrival_cavern_a

Action                   || total
-------------------------++-------
Melee: Unarmed           ||    23
 Cast: Beastly Appendage ||     1
 Stab: Sleeping          ||     2
